 Dungeon Crawl Stone Soup version 0.17.0-28-g6e173f8 (webtiles) character file.

71 Ithica the Sneak (level 4, -7/23 HPs)
             Began as a Vine Stalker Assassin on Nov 23, 2015.
             Was an Initiate of Fedhas.
             Mangled by an ogre
             ... wielding a +0 giant spiked club
              (20 damage)
             ... on level 3 of the Dungeon.
             The game lasted 00:28:41 (2768 turns).

Ithica the Sneak (Vine Stalker Assassin)            Turns: 2768, Time: 00:28:41

Health: -7/23      AC:  9    Str: 14    XL:     4   Next: 24%
Magic:  0/5        EV: 10    Int: 11    God:    Fedhas [......]
Gold:   132        SH:  5    Dex: 16    Spells: 0 memorised, 3 levels left

rFire  . . .     SeeInvis .     a - +2 dagger
rCold  . . .     Clarity  .     w - +3 ring mail
rNeg   . . .     SustAt   .     q - +2 buckler
rPois  +         Gourm    .     (no helmet)
rElec  .         Spirit   +     d - +0 cloak
rCorr  .         Warding  .     (no gloves)
rMut   .         Stasis   .     (no boots)
MR     .....                    (no amulet)
Stlth  +++.......               (no ring)
                                E - ring of poison resistance

@: not resistant to hostile enchantments, fairly stealthy
A: fangs 2, regeneration 1, magic shield, antimagic bite, no device heal 3, rot
immunity
a: Renounce Religion


You were on level 3 of the Dungeon.
You worshipped Fedhas.
Fedhas was noncommittal.
You were not hungry.

You visited 1 branch of the dungeon, and saw 3 of its levels.

You collected 132 gold pieces.

Inventory:

Hand Weapons
 a - a +2 dagger (weapon)
 b - a +0 blowgun
 i - a +0 club
 l - a +0 club
 r - a +0 club
 z - a +0 club
Missiles
 e - 4 poisoned needles (quivered)
 f - 2 curare-tipped needles
 m - 14 bolts
 p - 63 arrows
 v - 98 stones
 A - 34 sling bullets
Armour
 c - a +0 robe
 d - a +0 cloak (worn)
 k - a +0 robe
 n - a +0 leather armour
 q - a +2 buckler (worn)
 t - a +0 ring mail
 w - a +3 ring mail (worn)
Jewellery
 E - a ring of poison resistance (left hand)
Scrolls
 j - a scroll of teleportation {unknown}
 u - 4 scrolls of identify {unknown}
 y - 3 scrolls of fog {unknown}
 C - 2 scrolls of remove curse {unknown}
 D - a scroll of enchant weapon {unknown}
Potions
 h - a potion of cure mutation {unknown}
 x - 3 potions of curing
Books
 B - a book of Air

   Spells                             Type                      Level
   a - Shock                          Conjuration/Air              1
   b - Swiftness                      Charms/Air                   2
   c - Repel Missiles                 Charms/Air                   2
   d - Static Discharge               Conjuration/Air              3
   e - Lightning Bolt                 Conjuration/Air              5
Comestibles
 g - 2 bread rations
 o - 2 meat rations
 s - 2 chunks of flesh


   Skills:
 + Level 2.1 Fighting
 + Level 2.0 Short Blades
 + Level 1.9 Throwing
 + Level 0.7 Armour
 + Level 1.7 Dodging
 + Level 5.7 Stealth


You had 3 spell levels left.
You didn't know any spells.

Dungeon Overview and Level Annotations

Branches:
Dungeon (3/15)

Altars:
Fedhas
Nemelex Xobeh


Innate Abilities, Weirdness & Mutations

You have extremely sharp teeth.
Your natural rate of healing is unusually fast.
When hurt, damage is shared between your health and your magic reserves.
Your bite disrupts and absorbs the magic of your enemies.
Potions and wands cannot restore your health.
You are immune to rotting.


Message History

The ogre is lightly wounded.
You block the ogre's attack.
You closely miss the ogre. Your bite misses the ogre.
The ogre is lightly wounded.
The ogre hits you but does no damage.
You hit the ogre but do no damage.
The ogre is lightly wounded.
The ogre closely misses you.
You hit the ogre. You bite the ogre. You drain its power.
You feel invigorated.
The ogre is moderately wounded.
You hit the ogre.
The ogre is heavily wounded.
The ogre hits you with a giant spiked club!
You barely miss the ogre. You bite the ogre. You drain its power.
You feel invigorated.
The ogre is heavily wounded.
The ogre hits you with a giant spiked club!!
Ouch! That really hurt!
You die...
Fedhas appreciates your contribution to the ecosystem.

#.......# #.
#.......# #.
#.......###.
#.........#>
#.........#(
#######.........#.
#..........[....#'
#.#######+##......
#@# #...... #O#
#...... #(#
#####.. #(# #..
#.# #.. #.# #. #..
#.# ### #. ###
#.#.#.. #.######
#.#.#.## #.#.....


You could see an ogre.

Vanquished Creatures
  An adder (D:3)
  An ooze (D:2)
  A worm (D:3)
  2 giant geckos
  2 giant cockroaches
  11 hobgoblins
  3 jackals (D:1)
  5 kobolds
  A quokka (D:1)
  3 ball pythons
  8 bats
  6 goblins
  8 rats
  A plant (D:2)
53 creatures vanquished.

Vanquished Creatures (others)
  14 toadstools
14 creatures vanquished.

Grand Total: 67 creatures vanquished

Notes
Turn   | Place    | Note
--------------------------------------------------------------
     0 | D:1      | Ithica the Vine Stalker Assassin began the quest for the Orb.
     0 | D:1      | Reached XP level 1. HP: 11/11 MP: 2/2
    94 | D:1      | Reached skill level 5 in Stealth
   208 | D:1      | Reached XP level 2. HP: 15/15 MP: 3/3
   541 | D:1      | Reached skill level 1 in Dodging
   915 | D:1      | Reached XP level 3. HP: 18/18 MP: 4/4
  1472 | D:2      | Found a faded altar to an unknown god.
  1541 | D:2      | Found a sparkling altar of Nemelex Xobeh.
  1732 | D:2      | Found a blossoming altar of Fedhas.
  1835 | D:2      | Became a worshipper of Fedhas Madash
  2453 | D:3      | Reached XP level 4. HP: 19/23 MP: 5/5
  2622 | D:3      | Noticed an ogre
  2677 | D:3      | HP: 1/23 [ogre/giant spiked club (15)]
  2768 | D:3      | Mangled by an ogre

Action                   |  1- 3 |  4- 6 || total
-------------------------+-------+-------++-------
Melee: Dagger            |   260 |    39 ||   299
  Use: Potion            |       |     1 ||     1
 Stab: Sleeping          |     2 |       ||     2
  Eat: Chunk             |     4 |     1 ||     5
       Pizza             |     1 |       ||     1
